AoeStats
← miguelon01

Fortress

508434724Analyzed
4v4 RM · 10d ago on Sep 22, 2026· 31m 16s· 8 players
Game mode
Random Map
Map size
Huge
Population
200
Speed
Normal
Resources
Standard
Victory
Conquest
Starting age
Dark Age
Ending age
Imperial Age
RankedLock teamsTeams togetherTeam positionsShared explorationLock speedFull tech treeHidden civsTurbo modeCheats
Victory
Defeat
🇧🇷 Burgundians · Brazil
1172
+13
🇮🇹 Vikings · Italy
1149
+14
🇦🇷 Spanish · Argentina
1116
+15
🇨🇱 Huns · Chile
1068
+17
🇮🇳 Persians · India
1136
-16
🇨🇳 Turks · China
1107
-15
1078
-14
🇨🇳 Teutons · China
1073
-14
Tikka Masala
8:20 Feudal Age
9:48 Double-Bit Axe
12:31 Castle Age
10:46 Horse Collar
11:43 Gold Mining
13:13 Loom
15:39 Bow Saw
16:55 Scale Mail Armor
18:16 Forging
21:01 Heavy Plow
20:33 Crossbowman
22:58 Iron Casting
22:16 Fletching
23:44 Gold Shaft Mining
24:20 Iron Casting
23:48 Bodkin Arrow
24:10 Town Watch
25:41 Town Patrol
30:33 Imperial Age
31:24 Chieftains
30:48 Elite Berserk
Don Wea
6:49 Feudal Age
6:03 Loom
11:07 Castle Age
10:07 Double-Bit Axe
20:14 Horse Collar
20:45 Bow Saw
22:10 Wheelbarrow
22:16 Wheelbarrow
24:48 Imperial Age
22:43 Gold Mining
23:15 Heavy Plow
23:20 Marauders
23:33 Forging
23:28 Scale Barding Armor
24:20 Gold Shaft Mining
24:24 Hand Cart
25:31 Iron Casting
25:18 Chain Barding Armor
25:35 Husbandry
25:45 Bloodlines
26:04 Elite Tarkan
27:05 Conscription
27:50 Blast Furnace
28:03 Two-Man Saw
27:50 Plate Barding Armor
DEBANNICO
8:04 Feudal Age
8:28 Horse Collar
8:38 Double-Bit Axe
15:57 Castle Age
14:05 Gold Mining
14:39 Stone Mining
15:26 Bloodlines
15:36 Padded Archer Armor
17:37 Leather Archer Armor
20:56 Husbandry
21:04 Loom
21:55 Wheelbarrow
22:25 Fortified Wall
25:55 Ballistics
28:34 Imperial Age
30:51 Chemistry
30:27 Ring Archer Armor
31:34 Conscription
miguelon01
2:15 Double-Bit Axe
4:36 Horse Collar
8:19 Wheelbarrow
7:44 Gold Mining
9:43 Feudal Age
14:08 Castle Age
16:47 Gold Shaft Mining
17:52 Forging
18:28 Scale Mail Armor
23:27 Chain Mail Armor
25:27 Scale Barding Armor
28:56 Fortified Wall
31:47 Imperial Age
28:57 Light Cavalry
29:38 Husbandry
29:58 Stone Mining
523988158
0:38 Loom
7:54 Feudal Age
13:55 Castle Age
12:22 Double-Bit Axe
12:38 Loom
15:01 Wheelbarrow
18:03 Horse Collar
22:32 Imperial Age
26:00 Imperial Age
26:01 Bow Saw
游侠不语只会屠民
7:31 Feudal Age
13:18 Castle Age
11:29 Horse Collar
11:46 Double-Bit Axe
14:27 Scale Mail Armor
14:25 Loom
15:20 Bow Saw
29:16 Gold Mining
29:40 Heavy Plow
yigjiajsdihna
8:58 Feudal Age
10:19 Wheelbarrow
9:31 Double-Bit Axe
9:28 Horse Collar
15:02 Castle Age
16:05 Hand Cart
15:51 Heavy Plow
16:04 Bow Saw
19:13 Stone Mining
19:14 Gold Mining
22:05 Squires
23:53 Stone Shaft Mining
30:19 Imperial Age
27:59 Scale Mail Armor
28:16 Forging
29:51 Chain Mail Armor
30:12 Iron Casting
Vector
0:41 Loom
8:21 Feudal Age
8:54 Double-Bit Axe
10:28 Horse Collar
14:48 Castle Age
14:29 Scale Barding Armor
16:03 Husbandry
17:04 Bloodlines
18:23 Forging
21:41 Wheelbarrow
22:36 Chain Barding Armor
26:26 Gold Mining
27:53 Heavy Plow
28:38 Iron Casting
Connection lost

Rejoining the realm…

Still unreachable

The connection could not be restored.

Session expired

The server has moved on; the page needs a fresh start.